 Dungeon Crawl Stone Soup version 0.31-a0-187-gba352fbbf7 (webtiles) character file.

Game seed: 17490841946355231164

91 Dittersdorf the Trooper (level 4, 0/29 HPs)
             Began as a Gargoyle Fighter on June 22, 2023.
             Slain by a cerulean imp
             ... wielding a +1 spear
             ... summoned by Natasha
              (1 damage)
             ... on level 3 of the Dungeon.
             The game lasted 00:02:17 (1604 turns).

Dittersdorf the Trooper (Gargoyle Fighter)          Turns: 1604, Time: 00:02:18

Health: 0/29       AC: 10    Str: 22    XL:     4   Next: 59%
Magic:  4/4        EV: 11    Int:  8    God:
Gold:   117        SH:  4    Dex:  9    Spells: 3/3 levels left

rFire   . . .        a - +0 flail
rCold   . . .        c - +0 buckler
rNeg    + . .        b - +0 scale mail
rPois   ∞            (no helmet)
rElec   +            (no cloak)
rCorr   .            (no gloves)
SInv    .            (no boots)
Will    .....        (no amulet) Stlth
                     h - +5 ring of evasion
HPRegen 0.24/turn    (no ring)
MPRegen 0.09/turn

%: no passive effects
@: weak-willed, constricted
A: sickness immunity, AC +3, negative energy resistance 1, electricity
resistance, torment resistance 1, petrification resistance
a: no special abilities


You were on level 3 of the Dungeon.
You visited 1 branch of the dungeon, and saw 3 of its levels.

You collected 117 gold pieces.

Inventory:

Hand Weapons
 a - a +0 flail (weapon)
Missiles
 m - 4 poisoned darts (quivered)
Armour
 b - a +0 scale mail (worn)
 c - a +0 buckler (worn)
Jewellery
 h - a +5 ring of evasion (left hand)
Wands
 n - a wand of polymorph (3)
 p - a wand of charming (7)
Potions
 d - 2 potions of might
 f - a potion of berserk rage
 i - 3 potions of curing


   Skills:
 + Level 4.0 Fighting
 + Level 2.9 Maces & Flails
 + Level 4.0 Armour
 + Level 3.9 Shields


You had 3 spell levels left.
You didn't know any spells.
Your spell library contained the following spells:

 Spells                   Type           Power      Damage    Failure   Level
 Portal Projectile        Hex/Tloc       0%         N/A       99%         3
 Tukima's Dance           Hex            0%         N/A       99%         3
 Blade Hands              Tmut           0%         N/A       100%        5


Dungeon Overview and Level Annotations

Branches:
Dungeon (3/15)

Altars:
Makhleb

Annotations:
D:3 Natasha, Terence


Innate Abilities, Weirdness & Mutations

You are immune to sickness and miasma.
Your stone body is resilient. (AC +3)
You are immune to poison.
You resist negative energy. (rN+)
You are resistant to electric shocks. (rElec)
You are resistant to unholy torment.
You are immune to petrification.


Message History

Natasha is severely wounded.
You block the ball python's attack. The ball python constricts you.
Terence closely misses you. The cerulean imp completely misses you.
Natasha closely misses you. The ball python closely misses you.
The ball python constricts you.
You barely miss Natasha.
Natasha is severely wounded.
Terence closely misses you.
The cerulean imp hits you but does no damage.
Natasha misses you. You block the ball python's attack.
The ball python constricts you. Terence hits you with a +0 mace.
The cerulean imp hits you but does no damage.
You hit Natasha but do no damage.
Natasha is severely wounded.
The ball python bites you but does no damage.
The ball python constricts you. Natasha claws you.
Terence says, "You're history."
Terence closely misses you.
The cerulean imp hits you but does no damage.
The ball python bites you but does no damage.
The ball python constricts you. Natasha claws you!
* * * LOW HITPOINT WARNING * * *
You closely miss Natasha.
Natasha is severely wounded.
The ball python bites you but does no damage.
The ball python constricts you. Terence closely misses you.
The cerulean imp completely misses you.
Natasha stares at you and mumbles some strange words.
You resist with significant effort.
You barely miss Natasha.
Natasha is severely wounded.
The ball python misses you. The ball python constricts you.
Terence says, "Time to say good-bye..."
Terence hits you with a +0 mace!
* * * LOW HITPOINT WARNING * * *
The cerulean imp hits you but does no damage.
You block Natasha's attack. The ball python completely misses you.
The ball python constricts you. Terence hits you but does no damage.
The cerulean imp hits you from afar with a +1 spear.
You die...

.............
##............
#...........#
#...:.......##
#.............
#.............
#.[...........
#.....@S......
#.....@h....##
#...^...5...#
#..$.........#
##............
#.............
#...........?..
#..............
#.............


You could see Terence, Natasha, a cerulean imp (summoned) and a ball python.

Vanquished Creatures
  3 adders
  A worm (D:2)
  2 dart slugs (D:1)
  An orc (D:3)
  4 endoplasms
  4 giant cockroaches
  6 goblins
  2 hobgoblins
  A quokka (D:1)
  10 ball pythons
  3 bats (D:1)
  4 frilled lizards
  8 kobolds
  6 rats (D:1)
55 creatures vanquished.

Notes
Turn   | Place    | Note
-------+----------+-------------------------------------------
     0 | D:1      | Dittersdorf the Gargoyle Fighter began the quest for the
                  | Orb.
     0 | D:1      | Reached XP level 1. HP: 14/14 MP: 1/1
   110 | D:1      | Reached XP level 2. HP: 14/19 MP: 2/2
   341 | D:1      | Reached XP level 3. HP: 23/23 MP: 3/3
   728 | D:2      | Found a burning altar of Makhleb.
  1059 | D:2      | Reached XP level 4. HP: 29/29 MP: 4/4
  1592 | D:3      | Noticed Natasha
  1592 | D:3      | Noticed Terence
  1604 | D:3      | HP: 1/29 [Terence/+0 mace (7)]
  1604 | D:3      | Slain by a cerulean imp

Illustrated notes

Levels and vault maps discovered:
D:1:      wander_arrival_desolate, layout_basic, chequers_serial_rivers_small_a
D:2:      minmay_angry_zag, layout_loops_ring, basic_altar
D:3:      layout_rooms, mainiacjoe_overflow_chevrons,
          ebering_ecumenical_altar_hall, cheibrodos_sewer_entry_bend,
          uniq_natasha, uniq_terence

Skill      XL: |  1  2  3  4 |
---------------+-------------+-----
Fighting       | 4 |  4.0
Armour         | 4 |  4.0
Maces & Flails | |  2.9
Shields        | |  3.9

Action                     |  1- 3 |  4- 6 || total
---------------------------+-------+-------++-------
  Melee: Flail             |   124 |    52 ||   176
    Use: Scroll            |       |     7 ||     7
 Armour: Scale mail        |    61 |    27 ||    88
         Skin              |     4 |       ||     4
  Dodge: Dodged            |    89 |    46 ||   135
  Block: Buckler           |    23 |    18 ||    41

Table legend: (Time is in decaauts)
 A = Elapsed time spent in this place.
 B = Non-inter-level travel time spent in this place.
 C = Inter-level travel time spent in this place.
 D = Time resting spent in this place.
 E = Time spent auto-exploring this place.
 F = Levels seen in this place.
 G = Mean time per level.
                   A        B        C        D        E       F      G
               +--------+--------+--------+--------+--------+-----+--------+
         Total |   1659 |   1576 |     83 |      0 |   1125 |   3 |  553.0 |
       Dungeon |   1659 |   1576 |     83 |      0 |   1125 |   3 |  553.0 |
               +--------+--------+--------+--------+--------+-----+--------+

Top non-repeatable levels by time:
     D:2: 856 daAuts
     D:1: 708 daAuts
     D:3: 94 daAuts
